| TOP OF THE 1ST |
|
Norfolk Tides batting - Pitching for Tacoma Rainiers : RHP Josh Newell
|
|
Pitching: RHP Josh Newell
|
|
|
Batting: RHB Joe Young
|
0-0: Foul Ball, location: 2F 0-1: Ground out 6-3 (Groundball, 6, EV 81.9 MPH)
|
|
Batting: RHB Jeremy Sipe
|
0-0: Foul Ball, location: 2F 0-1: Bunt missed! 0-2: SINGLE (Flyball, 8LS, EV 93.1 MPH)
|
|
Batting: LHB Wes Goscinski
|
0-0: Ball 1-0: Ball Jeremy Sipe is caught stealing 2nd base 2-6 2-0: Foul Ball, location: 2F 2-1: Ball 3-1: Base on Balls
|
|
Batting: LHB Justin Moore
|
0-0: Foul Ball, location: 2F 0-1: Ground out U3 (Groundball, 3, EV 107.5 MPH)
|
| Top of the 1st over - 0 runs, 1 hit, 0 errors, 1 left on base; Norfolk 0 - Tacoma 0 |
| BOTTOM OF THE 1ST |
|
Tacoma Rainiers batting - Pitching for Norfolk Tides : RHP Wes Reynolds
|
|
Pitching: RHP Wes Reynolds
|
|
|
Batting: SHB Isaiah Cherry
|
0-0: Ball 1-0: Ball 2-0: Called Strike 2-1: Fly out, F8 (Flyball, 8RD, EV 100.0 MPH)
|
|
Batting: RHB Zach Downs
|
0-0: Called Strike 0-1: Foul Ball, location: 2F 0-2: Ball 1-2: Strikes out looking
|
|
Batting: RHB Chris Skaff
|
0-0: Ball 1-0: Called Strike 1-1: Called Strike 1-2: Foul Ball, location: 2F 1-2: Ball 2-2: Strikes out swinging
|
| Bottom of the 1st over - 0 runs, 0 hits, 0 errors, 0 left on base; Norfolk 0 - Tacoma 0 |
| TOP OF THE 2ND |
|
Norfolk Tides batting - Pitching for Tacoma Rainiers : RHP Josh Newell
|
|
Batting: RHB Daniel Jackson
|
0-0: Ball 1-0: Foul Ball, location: 2F 1-1: Foul Ball, location: 2F 1-2: Foul Ball, location: 2F 1-2: Foul Ball, location: 2F 1-2: Strikes out swinging
|
|
Batting: SHB Eduardo Maldonado
|
0-0: Called Strike 0-1: SOLO HOME RUN (Flyball, 9LD, EV 96.2 MPH), Distance : 370 ft
|
|
Batting: LHB Keith Long
|
0-0: Foul Ball, location: 2F 0-1: Called Strike 0-2: Foul Ball, location: 2F 0-2: Strikes out swinging
|
|
Batting: RHB Ray Sims
|
0-0: Foul Ball, location: 2F 0-1: Ball 1-1: Ball 2-1: Ball 3-1: SINGLE (Groundball, 34D, EV 101.9 MPH)
|
|
Batting: RHB Tony Godley
|
0-0: Reached on error, E6 (Groundball, 6D, EV 97.5 MPH) Ray Sims to second
|
|
Batting: RHB Joe Young
|
0-0: Ball 1-0: Called Strike 1-1: Foul Ball, location: 2F 1-2: Ball 2-2: Foul Ball, location: 2F 2-2: Fielders Choice at 2nd, 6-4 (Groundball, 6, EV 81.2 MPH)
|
| Top of the 2nd over - 1 run, 2 hits, 1 error, 2 left on base; Norfolk 1 - Tacoma 0 |
| BOTTOM OF THE 2ND |
|
Tacoma Rainiers batting - Pitching for Norfolk Tides : RHP Wes Reynolds
|
|
Batting: LHB Ryan Lowe
|
0-0: Ball 1-0: Called Strike 1-1: Ball 2-1: Ground out 4-3 (Groundball, 4, EV 103.1 MPH)
|
|
Batting: LHB Josh Pittman
|
0-0: Ball 1-0: Ground out 1-3 (Groundball, 13S, EV 70.0 MPH)
|
|
Batting: LHB Jawad Fahad
|
0-0: Ball 1-0: Ball 2-0: Foul Ball, location: 2F 2-1: Called Strike 2-2: Strikes out looking
|
| Bottom of the 2nd over - 0 runs, 0 hits, 0 errors, 0 left on base; Norfolk 1 - Tacoma 0 |
| TOP OF THE 3RD |
|
Norfolk Tides batting - Pitching for Tacoma Rainiers : RHP Josh Newell
|
|
Batting: RHB Jeremy Sipe
|
0-0: Fly out, F8 (Line Drive, 8LM, EV 86.2 MPH)
|
|
Batting: LHB Wes Goscinski
|
0-0: Called Strike 0-1: Ball 1-1: Foul Ball, location: 2F 1-2: Strikes out swinging
|
|
Batting: LHB Justin Moore
|
0-0: Ball 1-0: Swinging Strike 1-1: Ball 2-1: Foul Ball, location: 2F 2-2: Ball 3-2: Strikes out swinging
|
| Top of the 3rd over - 0 runs, 0 hits, 0 errors, 0 left on base; Norfolk 1 - Tacoma 0 |
| BOTTOM OF THE 3RD |
|
Tacoma Rainiers batting - Pitching for Norfolk Tides : RHP Wes Reynolds
|
|
Batting: RHB Hideo Okimura
|
0-0: SINGLE (Groundball, 6MD, EV 97.5 MPH)
|
|
Batting: RHB Max Schellekens
|
0-0: Ball 1-0: Fielders Choice at 2nd, 4-6 (Groundball, 34, EV 85.6 MPH)
|
|
Batting: LHB Matt Hepburn
|
0-0: Called Strike 0-1: Ball 1-1: Ball 2-1: Foul Ball, location: 2F 2-2: Strikes out looking
|
|
Batting: SHB Isaiah Cherry
|
0-0: Ball 1-0: Ball 2-0: Ball 3-0: Called Strike 3-1: Base on Balls Max Schellekens to second
|
|
Batting: RHB Zach Downs
|
0-0: Ground out 6-3 (Groundball, 6M, EV 108.1 MPH)
|
| Bottom of the 3rd over - 0 runs, 1 hit, 0 errors, 2 left on base; Norfolk 1 - Tacoma 0 |
| TOP OF THE 4TH |
|
Norfolk Tides batting - Pitching for Tacoma Rainiers : RHP Josh Newell
|
|
Batting: RHB Daniel Jackson
|
0-0: Ball 1-0: Foul Ball, location: 2F 1-1: Fly out, F8 (Line Drive, 8LS, EV 90.6 MPH)
|
|
Batting: SHB Eduardo Maldonado
|
0-0: Ground out 4-3 (Groundball, 4, EV 81.2 MPH)
|
|
Batting: LHB Keith Long
|
0-0: Called Strike 0-1: Ball 1-1: Ball 2-1: Foul Ball, location: 2F 2-2: Ball 3-2: Base on Balls
|
|
Batting: RHB Ray Sims
|
0-0: Called Strike Keith Long is caught stealing 2nd base 2-4
|
| Top of the 4th over - 0 runs, 0 hits, 0 errors, 0 left on base; Norfolk 1 - Tacoma 0 |
| BOTTOM OF THE 4TH |
|
Tacoma Rainiers batting - Pitching for Norfolk Tides : RHP Wes Reynolds
|
|
Batting: RHB Chris Skaff
|
0-0: Ball 1-0: Called Strike 1-1: Ball 2-1: Foul Ball, location: 2F 2-2: Ball 3-2: Base on Balls
|
|
Batting: LHB Ryan Lowe
|
0-0: Ball 1-0: Ball 2-0: Ball 3-0: Called Strike 3-1: Base on Balls Chris Skaff to second
|
|
Batting: LHB Josh Pittman
|
0-0: Ball 1-0: Called Strike 1-1: Swinging Strike 1-2: Ball 2-2: Strikes out swinging
|
|
Batting: LHB Jawad Fahad
|
0-0: Called Strike 0-1: Foul Ball, location: 2F 0-2: Fly out, F7 (Flyball, 7LM, EV 100.6 MPH)
|
|
Batting: RHB Hideo Okimura
|
0-0: Foul Ball, location: 2F 0-1: Swinging Strike 0-2: Strikes out looking
|
| Bottom of the 4th over - 0 runs, 0 hits, 0 errors, 2 left on base; Norfolk 1 - Tacoma 0 |
| TOP OF THE 5TH |
|
Norfolk Tides batting - Pitching for Tacoma Rainiers : RHP Josh Newell
|
|
Batting: RHB Ray Sims
|
0-0: Swinging Strike 0-1: Swinging Strike 0-2: Ball 1-2: Ground out 5-3 (Groundball, 56, EV 87.5 MPH)
|
|
Batting: RHB Tony Godley
|
0-0: Ball 1-0: Ground out 6-3 (Groundball, 6, EV 80.6 MPH)
|
|
Batting: RHB Joe Young
|
0-0: Reached on error, E1 (Groundball, P, EV 65.6 MPH)
|
|
Batting: RHB Jeremy Sipe
|
0-0: Called Strike 0-1: Called Strike 0-2: Foul Ball, location: 2F 0-2: Fly out, F8 (Flyball, 8RD, EV 97.5 MPH)
|
| Top of the 5th over - 0 runs, 0 hits, 1 error, 1 left on base; Norfolk 1 - Tacoma 0 |
| BOTTOM OF THE 5TH |
|
Tacoma Rainiers batting - Pitching for Norfolk Tides : RHP Wes Reynolds
|
|
Batting: RHB Max Schellekens
|
0-0: Called Strike 0-1: SINGLE (Groundball, 34D, EV 97.5 MPH)
|
|
Batting: LHB Matt Hepburn
|
0-0: Called Strike 0-1: Called Strike 0-2: Reached on error, E4 (Groundball, 4, EV 83.1 MPH) Max Schellekens to second
|
|
Batting: SHB Isaiah Cherry
|
0-0: Called Strike 0-1: Swinging Strike 0-2: Strikes out swinging
|
|
Batting: RHB Zach Downs
|
0-0: Ball 1-0: Grounds into double play, 6-4-3 (Groundball, 6, EV 99.4 MPH)
|
| Bottom of the 5th over - 0 runs, 1 hit, 1 error, 1 left on base; Norfolk 1 - Tacoma 0 |
| TOP OF THE 6TH |
|
Norfolk Tides batting - Pitching for Tacoma Rainiers : RHP Josh Newell
|
|
Batting: LHB Wes Goscinski
|
0-0: Ball 1-0: Ball 2-0: Called Strike 2-1: Foul Ball, location: 2F 2-2: Ground out U3 (Groundball, 34, EV 85.6 MPH)
|
|
Batting: LHB Justin Moore
|
0-0: Called Strike 0-1: Ball 1-1: Foul Ball, location: 2F 1-2: Strikes out swinging
|
|
Batting: RHB Daniel Jackson
|
0-0: Swinging Strike 0-1: Ball 1-1: Ball 2-1: Called Strike 2-2: Ball 3-2: Strikes out swinging
|
| Top of the 6th over - 0 runs, 0 hits, 0 errors, 0 left on base; Norfolk 1 - Tacoma 0 |
| BOTTOM OF THE 6TH |
|
Tacoma Rainiers batting - Pitching for Norfolk Tides : RHP Wes Reynolds
|
|
Batting: RHB Chris Skaff
|
0-0: Ball 1-0: Called Strike 1-1: Foul Ball, location: 2F 1-2: Ball 2-2: Ball 3-2: Base on Balls
|
|
Batting: LHB Ryan Lowe
|
0-0: Foul Ball, location: 2F 0-1: Foul Ball, location: 2F 0-2: Ball 1-2: Fly out, F3 (Popup, 3SF, EV 73.8 MPH)
|
|
Batting: LHB Josh Pittman
|
0-0: Ball 1-0: Called Strike 1-1: Foul Ball, location: 2F 1-2: Ball 2-2: Ball 3-2: Fly out, F9 (Flyball, 9D, EV 93.1 MPH)
|
|
Batting: LHB Jawad Fahad
|
0-0: Foul Ball, location: 2F 0-1: Foul Ball, location: 2F 0-2: Foul Ball, location: 2F 0-2: Ball 1-2: Foul Ball, location: 2F 1-2: Ball 2-2: Ground out 6-3 (Groundball, 6S, EV 87.5 MPH)
|
| Bottom of the 6th over - 0 runs, 0 hits, 0 errors, 1 left on base; Norfolk 1 - Tacoma 0 |
| TOP OF THE 7TH |
|
Norfolk Tides batting - Pitching for Tacoma Rainiers : RHP Josh Newell
|
|
Batting: SHB Eduardo Maldonado
|
0-0: Ball 1-0: Fly out, F5 (Popup, 5F, EV 65.6 MPH)
|
|
Batting: LHB Keith Long
|
0-0: DOUBLE (Line Drive, 7LD, EV 98.1 MPH)
|
|
Batting: RHB Ray Sims
|
0-0: Foul Ball, location: 2F 0-1: Foul Ball, location: 2F 0-2: Ball 1-2: Ball 2-2: Foul Ball, location: 2F 2-2: Ball 3-2: Strikes out swinging
|
|
Batting: RHB Tony Godley
|
0-0: Ball 1-0: Ball 2-0: Swinging Strike 2-1: Foul Ball, location: 2F 2-2: DOUBLE (Groundball, 5L, EV 106.9 MPH) Keith Long scores
|
|
Pitching: RHP Vinny Reveles
|
|
|
Batting: RHB Joe Young
|
0-0: Called Strike 0-1: Ball 1-1: Ground out 4-3 (Groundball, 4, EV 89.4 MPH)
|
| Top of the 7th over - 1 run, 2 hits, 0 errors, 1 left on base; Norfolk 2 - Tacoma 0 |
| BOTTOM OF THE 7TH |
|
Tacoma Rainiers batting - Pitching for Norfolk Tides : RHP Wes Reynolds
|
|
Batting: RHB Hideo Okimura
|
0-0: Swinging Strike 0-1: Foul Ball, location: 2F 0-2: Ball 1-2: Strikes out swinging
|
|
Batting: RHB Max Schellekens
|
0-0: Fly out, F8 (Flyball, 8RXD, EV 96.2 MPH)
|
|
Batting: LHB Matt Hepburn
|
0-0: Foul Ball, location: 2F 0-1: Fly out, F9 (Flyball, 89D, EV 97.5 MPH)
|
| Bottom of the 7th over - 0 runs, 0 hits, 0 errors, 0 left on base; Norfolk 2 - Tacoma 0 |
| TOP OF THE 8TH |
|
Norfolk Tides batting - Pitching for Tacoma Rainiers : RHP Vinny Reveles
|
|
Batting: RHB Jeremy Sipe
|
0-0: Called Strike 0-1: Ball 1-1: Ball 2-1: Called Strike 2-2: Foul Ball, location: 2F 2-2: Ball 3-2: Strikes out swinging
|
|
Batting: LHB Wes Goscinski
|
0-0: Ball 1-0: Foul Ball, location: 2F 1-1: SINGLE (Groundball, 13, EV 76.9 MPH) (infield hit)
|
|
Batting: LHB Justin Moore
|
0-0: Called Strike 0-1: Ball 1-1: Foul Ball, location: 2F 1-2: Foul Ball, location: 2F 1-2: Foul Ball, location: 2F 1-2: Strikes out swinging
|
|
Batting: RHB Daniel Jackson
|
0-0: Ball 1-0: Ball 2-0: Ball 3-0: Called Strike 3-1: SINGLE (Line Drive, 34, EV 100.6 MPH) Wes Goscinski to second
|
|
Batting: SHB Eduardo Maldonado
|
0-0: Called Strike 0-1: Ball 1-1: Called Strike 1-2: Ball 2-2: Foul Ball, location: 2F 2-2: Strikes out swinging
|
| Top of the 8th over - 0 runs, 2 hits, 0 errors, 2 left on base; Norfolk 2 - Tacoma 0 |
| BOTTOM OF THE 8TH |
|
Tacoma Rainiers batting - Pitching for Norfolk Tides : RHP Wes Reynolds
|
|
Now at 1B: Jeremy Sipe
|
|
|
Now at 2B: Antonio Gamez
|
|
|
Batting: SHB Isaiah Cherry
|
0-0: Ground out 5-3 (Groundball, 5, EV 86.9 MPH)
|
|
Batting: RHB Zach Downs
|
0-0: Ground out 4-3 (Groundball, 34, EV 100.6 MPH)
|
|
Batting: RHB Chris Skaff
|
0-0: Called Strike 0-1: Ball 1-1: Ball 2-1: Swinging Strike 2-2: Ball 3-2: SINGLE (Line Drive, 8RS, EV 104.4 MPH)
|
|
Batting: LHB Ryan Lowe
|
0-0: Swinging Strike 0-1: Foul Ball, location: 2F 0-2: Foul Ball, location: 2F 0-2: Fly out, F5 (Popup, 5S, EV 63.8 MPH)
|
| Bottom of the 8th over - 0 runs, 1 hit, 0 errors, 1 left on base; Norfolk 2 - Tacoma 0 |
| TOP OF THE 9TH |
|
Norfolk Tides batting - Pitching for Tacoma Rainiers : RHP Vinny Reveles
|
|
Pitching: RHP Tyler Rayner
|
|
|
Batting: LHB Keith Long
|
0-0: Ball 1-0: Ball 2-0: Ground out 4-3 (Groundball, 4, EV 81.9 MPH)
|
|
Batting: RHB Ray Sims
|
0-0: Foul Ball, location: 2F 0-1: Ball 1-1: Ball 2-1: Ground out 4-3 (Groundball, 4, EV 86.9 MPH)
|
|
Batting: RHB Tony Godley
|
0-0: Foul Ball, location: 2F 0-1: Reached on error, E6 (Groundball, 6, EV 105.6 MPH)
|
|
Batting: RHB Joe Young
|
0-0: Ball 1-0: Ball 2-0: Ball 3-0: Base on Balls Tony Godley to second
|
|
Batting: RHB Jeremy Sipe
|
0-0: Called Strike Joe Young steals 2nd base Tony Godley steals 3rd base 0-1: Ground out 6-3 (Groundball, 6MS, EV 78.8 MPH)
|
| Top of the 9th over - 0 runs, 0 hits, 1 error, 2 left on base; Norfolk 2 - Tacoma 0 |
| BOTTOM OF THE 9TH |
|
Tacoma Rainiers batting - Pitching for Norfolk Tides : RHP Wes Reynolds
|
|
Pitching: RHP Manny Rolfe
|
|
|
Now at 2B: Danny Baeza
|
|
|
Now in LF: Antonio Gamez
|
|
|
Batting: LHB Josh Pittman
|
0-0: SINGLE (Line Drive, 8RS, EV 106.9 MPH)
|
|
Batting: LHB Jawad Fahad
|
0-0: Ball 1-0: Ball 2-0: Ball 3-0: Base on Balls Josh Pittman to second
|
|
Batting: RHB Hideo Okimura
|
0-0: Called Strike 0-1: Ball 1-1: Called Strike 1-2: Grounds into double play, 6-4-3 (Groundball, 6, EV 108.1 MPH) Josh Pittman to third
|
|
Batting: RHB Max Schellekens
|
0-0: Ball 1-0: Called Strike 1-1: Called Strike 1-2: Ball 2-2: Ball 3-2: Strikes out swinging
|
| Bottom of the 9th over - 0 runs, 1 hit, 0 errors, 1 left on base; Norfolk 2 - Tacoma 0 |
|